Map: 포트 알렉산더 - 래더

Players

RNK (SHIN)

  • Race: Zerg Zerg
  • League: Grandmaster
  • Spawn Location: 11:00

GuMiho - Winner!

  • Race: Terran Terran
  • League: Grandmaster
  • Spawn Location: 5:00

Event: IEM Season 13 - Katowice Server Qualifiers Asia 2

VOD

Have the link to the VOD?

Description

Time

  • Played on: Jan. 22, 2019, 5:32 a.m.
  • Length: 8:56

All games in this series

Show
View Real Time Build Order
Export as new Build Order

RNK Zerg 

Build Orders: Hatch First 

Get SALT Encoding   

  12  0:00  Drone  
  13  0:13  Overlord  
  13  0:18  Drone  
  14  0:31  Drone x2  
  16  0:39  Drone  
  17  0:54  Hatchery  
  16  0:58  Drone  
  16  1:02  Drone  
  18  1:18  Extractor, Spawning Pool  
  16  1:21  Drone  
  16  1:24  Drone  
  18  1:28  Drone  
  19  1:40  Drone  
  20  1:50  Overlord  
  20  2:06  Queen x2  
  20  2:07  Zergling x4  
  26  2:18  Drone x2  
  28  2:27  Drone  
  28  2:28  Drone  
  30  2:33  Drone  
  31  2:39  Drone  
  32  2:45  Hatchery  
  32  2:48  Metabolic Boost  
  31  2:55  Queen  
  33  2:59  Overlord  
  33  3:04  Drone x2  
  35  3:06  Drone  
  36  3:17  Overlord  
  36  3:19  Drone x2  
  38  3:20  Drone x2  
  38  3:23  Drone  
  38  3:24  Drone  
  42  3:29  Queen  
  44  3:34  Overlord  
  44  3:40  Queen  
  46  3:43  Drone  
  46  3:45  Overlord  
  47  3:49  Zergling x4  
  47  3:50  Zergling x2  
  47  3:54  Zergling x4  
  52  3:56  Overlord  
  52  4:02  Drone  
  53  4:03  Queen  
  53  4:08  Queen  
  57  4:11  Drone  
  57  4:12  Drone  
  57  4:15  Drone  
  57  4:16  Drone x2  
  62  4:20  Drone x2  
  62  4:23  Drone  
  65  4:26  Baneling Nest  
  65  4:29  Drone  
  65  4:32  Drone  
  65  4:35  Drone  
  65  4:37  Spore Crawler  
  65  4:39  Lair  
  65  4:42  Drone x3  
  68  4:47  Drone x3  
  68  4:50  Drone  
  68  4:52  Spore Crawler, Extractor x2  
  70  4:54  Overlord  
  70  4:57  Zergling x4  
  71  5:01  Overlord  
  71  5:05  Drone  
  71  5:06  Drone  
  73  5:07  Drone  
  69  5:21  Drone  
  69  5:23  Drone x3  
  69  5:26  Zergling x6  
  69  5:28  Drone x2  
  78  5:29  Drone x3  
  78  5:30  Extractor, Drone  
  78  5:31  Extractor  
  78  5:33  Drone  
  78  5:34  Drone  
  82  5:39  Zergling x2  
  83  5:46  Zergling x2  
  83  5:48  Zergling x4  
  80  5:50  Zergling x4  
  80  5:51  Zergling x2  
  80  5:56  Queen x2  
  79  5:59  Zergling x6  
  79  6:00  Zergling x4  
  79  6:01  Zergling x4, Drone  
  79  6:02  Overseer  
  76  6:07  Drone  
  76  6:09  Nydus Network  
  76  6:11  Drone  
  69  6:12  Roach Warren  
  69  6:15  Drone  
  69  6:18  Overseer  
  60  6:19  Queen  
  60  6:21  Zergling x2  
  60  6:23  Zergling x2  
  58  6:30  Zergling x4  
  58  6:38  Overseer  
  58  6:51  Roach  
  58  6:52  Roach x3  
  66  6:59  Roach x3  
  70  7:06  Roach x2  
  73  7:09  Roach  
  73  7:10  Roach  
  73  7:14  Roach  
  81  7:15  Roach  
  81  7:18  Roach  
  81  7:21  Overlord  
  83  7:25  Glial Reconstitution  
  83  7:29  Nydus Canal  
  83  7:35  Roach  
  83  7:38  Roach, Zergling x4  
  83  7:39  Zergling x4  
  78  7:53  Roach x4  
  78  7:55  Zergling x2  
  78  7:57  Overseer  
  86  8:01  Roach  
  86  8:04  Roach  
  88  8:09  Roach  
  88  8:10  Roach  
  86  8:14  Nydus Canal  
  85  8:20  Roach  
  79  8:30  Roach x2  
  79  8:34  Roach, Nydus Canal  
Show
View Real Time Build Order
Export as new Build Order

GuMiho Terran - Winner!

Build Orders: Hellion Banshee, Mech 

Get SALT Encoding   

  12  0:00  SCV  
  13  0:12  SCV  
  14  0:18  Supply Depot  
  14  0:24  SCV  
  15  0:29  Refinery  
  15  0:39  SCV  
  16  0:45  Barracks  
  16  0:51  SCV  
  17  1:03  SCV  
  18  1:15  SCV  
  19  1:28  SCV  
  20  1:35  Reaper  
  21  1:40  Orbital Command  
  21  1:49  Command Center  
  21  1:59  Factory  
  21  2:05  SCV  
  21  2:07  Barracks Reactor  
  22  2:14  Supply Depot  
  22  2:17  SCV  
  22  2:21  Refinery  
  23  2:35  SCV  
  24  2:44  Starport  
  24  2:47  SCV  
  24  2:49  Hellion x2  
  29  2:59  SCV  
  29  3:02  Orbital Command  
  30  3:10  Hellion  
  30  3:11  Hellion  
  34  3:13  Barracks Tech Lab  
  34  3:15  SCV  
  35  3:22  Viking  
  37  3:28  SCV x2  
  37  3:33  Hellion  
  41  3:36  Hellion  
  41  3:40  SCV x2  
  45  3:44  Supply Depot  
  45  3:51  Supply Depot  
  45  3:56  SCV  
  45  3:59  Cloaking Field  
  46  4:05  Medivac  
  46  4:06  SCV, Hellion  
  46  4:07  Hellion  
  46  4:09  SCV  
  54  4:15  Supply Depot  
  54  4:18  SCV  
  54  4:20  Armory  
  54  4:23  SCV  
  56  4:30  SCV, Hellion  
  56  4:31  Hellion  
  61  4:38  Banshee  
  61  4:44  SCV  
  61  4:45  SCV  
  66  4:46  Supply Depot  
  66  4:50  Supply Depot  
  66  4:56  SCV  
  66  4:57  SCV  
  66  4:59  Hellion  
  70  5:08  Hellion  
  70  5:12  SCV x2  
  74  5:22  Command Center, Banshee  
  74  5:23  Hellion  
  74  5:26  SCV  
  74  5:27  SCV  
  81  5:28  Terran Vehicle And Ship Armor Level 1  
  81  5:29  Hellion  
  83  5:37  Refinery  
  83  5:39  Refinery, SCV x2  
  85  5:44  Factory  
  85  5:45  Factory  
  85  5:55  Hellion  
  85  5:58  Hellion  
  85  5:59  SCV  
  85  6:00  SCV  
  84  6:11  SCV  
  84  6:13  SCV  
  86  6:21  Hellion  
  86  6:23  Hellion  
  86  6:25  SCV  
  85  6:26  Banshee  
  85  6:28  Supply Depot x2  
  85  6:30  Supply Depot  
  84  6:35  SCV, Orbital Command  
  84  6:37  SCV  
  84  6:40  Factory Tech Lab  
  84  6:41  Factory Tech Lab  
  84  6:44  Factory  
  84  6:45  Factory  
  82  6:47  SCV  
  82  6:49  SCV, Engineering Bay  
  82  6:50  Refinery  
  82  6:51  Hellion x2  
  86  6:57  Refinery  
  86  7:00  SCV x2  
  88  7:01  SCV  
  88  7:07  Cyclone x2  
  93  7:10  Banshee  
  93  7:12  SCV x2  
  93  7:13  SCV  
  99  7:17  Supply Depot  
  99  7:22  Hellion x2  
  103  7:24  SCV x2  
  103  7:25  Missile Turret x2, SCV  
  103  7:29  Factory Tech Lab  
  106  7:30  Factory Tech Lab, Missile Turret, Mag-Field Accelerator  
  106  7:37  Supply Depot  
  106  7:38  Supply Depot  
  112  7:50  Siege Tank x2  
  110  7:56  Banshee  
  111  8:00  SCV x2  
  111  8:07  Siege Tank  
  111  8:11  Hellion  
  100  8:22  Siege Tank  
  100  8:23  Siege Tank  
  91  8:28  Hellion  

Tags
 
Add a new tag
Caveats
  • Supply blocks, unpowered buildings, or Contaminate may cause inaccurate times.
  • Supply counts are checked every 10 seconds.